 Dungeon Crawl Stone Soup version 0.17-a0-1522-g6c5b4ba (webtiles) character file.

100 Jb9000 the Shield-Bearer (level 4, -5/29 HPs)
             Began as a Gargoyle Fighter on July 14, 2015.
             Killed by nerve-wracking pain
             ... invoked by a shadow imp
             ... summoned by Natasha
              (9 damage)
             ... on level 3 of the Dungeon.
             The game lasted 00:06:31 (1788 turns).

Jb9000 the Shield-Bearer (Gargoyle Fighter)         Turns: 1788, Time: 00:06:31

Health: -5/29      AC: 11    Str: 23    XL:     4   Next: 74%
Magic:  6/6        EV:  8    Int:  8    God:
Gold:   110        SH:  9    Dex: 10    Spells: 0 memorised, 5 levels left

rFire  . . .     SeeInvis .     a - +0 flail
rCold  . . .     Clarity  .     f - +0 ring mail
rNeg   + . .     SustAt   +     c - +0 shield
rPois  ∞         Gourm    .     r - +0 helmet
rElec  +         Spirit   .     g - +0 cloak
rCorr  .         Warding  .     (no gloves)
rMut   .         Stasis   .     (no boots)
MR     .....                    (no amulet)
Stlth  +.........               v - ring of sustain attributes
                                l - +3 ring of strength

@: not resistant to hostile enchantments, very unstealthy
A: negative energy resistance 1, electricity resistance, unbreathing,
petrification resistance, rot immunity, AC +3
a: no special abilities


You were on level 3 of the Dungeon.
You were not hungry.

You visited 1 branch of the dungeon, and saw 3 of its levels.

You collected 110 gold pieces.

Inventory:

Hand weapons
 a - a +0 flail (weapon)
Missiles
 u - 18 arrows
 y - 15 poisoned needles
Armour
 b - a +0 scale mail
 c - a +0 shield (worn)
 f - a +0 ring mail (worn)
 g - a +0 cloak (worn)
 r - a +0 helmet (worn)
Magical staves
 s - an uncursed staff of conjuration
Jewellery
 l - a +3 ring of strength (left hand)
 v - a ring of sustain attributes (right hand)
Scrolls
 h - a scroll of magic mapping
 j - 2 scrolls of remove curse {unknown}
 m - a scroll of identify
 n - 2 scrolls of teleportation {unknown}
 w - a scroll of fear {unknown}
 x - a scroll of blinking {unknown}
Potions
 d - 2 potions of might
 o - a potion of agility {unknown}
 p - a potion of heal wounds {unknown}
 q - a potion of flight {unknown}
 t - 2 potions of curing {unknown}
Comestibles
 e - a bread ration
 i - 4 chunks of flesh
 k - 4 fruits


   Skills:
 + Level 3.7 Fighting
 + Level 2.7 Maces & Flails
 + Level 3.5 Armour
 * Level 2.4 Stealth
 + Level 3.7 Shields
 + Level 1.3 Spellcasting


You had 5 spell levels left.
You didn't know any spells.

Dungeon Overview and Level Annotations

Branches:
Dungeon (3/15)

Altars:

Annotations:
D:3 Natasha


Innate Abilities, Weirdness & Mutations

You are resistant to torment.
Your stone body is resilient (AC +3).
You are immune to poison.
You resist negative energy.
You are resistant to electric shocks.
You can survive without breathing.
You are immune to petrification.
You are immune to rotting.


Message History

The quokka bites you but does no damage.
You block Natasha's attack. The shadow imp gestures at you.
You barely resist.
The quokka bites you but does no damage.
You miss Natasha.
Natasha is almost dead.
The quokka bites you.
* * * LOW HITPOINT WARNING * * *
Natasha casts a spell at you. The magic dart hits you!
The shadow imp closely misses you. Natasha casts a spell at you.
The magic dart hits you!
* * * LOW HITPOINT WARNING * * *
The quokka completely misses you.
You closely miss Natasha.
Natasha is almost dead.
The shadow imp gestures at you. Pain shoots through your body!
You die...

#..........<.......
#####.#####....##.#
# ..#.# #....#
#.#.#.# #....#
#.#.#.# #....#
#.....# ######
###.### ###'######
#.@5.......
#.hr.......
#..........
...#######. ....+
.....# ......#
.......#


You could see Natasha, a shadow imp and a quokka.

Vanquished Creatures
  Terence (D:2)
  Robin (D:2)
  An adder (D:2)
  A gnoll (D:1)
  A worm (D:2)
  2 giant cockroaches (D:1)
  14 goblins
  8 hobgoblins
  2 ball pythons (D:1)
  A bat (D:1)
  A giant gecko (D:1)
  3 giant newts
  2 kobolds
  5 rats
43 creatures vanquished.

Notes
Turn   | Place    | Note
--------------------------------------------------------------
     0 | D:1      | Jb9000 the Gargoyle Fighter began the quest for the Orb.
     0 | D:1      | Reached XP level 1. HP: 14/14 MP: 1/1
   269 | D:1      | Reached XP level 2. HP: 16/19 MP: 2/2
   348 | D:1      | Reached skill level 1 in Stealth
   397 | D:1      | Reached skill level 1 in Spellcasting
   716 | D:1      | Reached XP level 3. HP: 23/23 MP: 4/4
  1060 | D:2      | Noticed Robin
  1097 | D:2      | Killed Robin
  1097 | D:2      | Reached XP level 4. HP: 15/28 MP: 5/5
  1419 | D:2      | Noticed Terence
  1433 | D:2      | Killed Terence
  1770 | D:3      | Noticed Natasha
  1788 | D:3      | Killed from afar by a shadow imp

Vault maps used:
D:1:      kilobyte_arrival_exit_the_forest, minmay_shallow_snake_nest
D:2:      minivault_24, uniq_terence, uniq_robin
D:3:      yredelemnul_altar_generic, saegor_snake_ambush, uniq_natasha

Action                   |  1- 3 |  4- 6 || total
-------------------------+-------+-------++-------
Melee: Flail             |   125 |    50 ||   175
  Use: Scroll            |       |     2 ||     2
  Eat: Chunk             |     1 |     2 ||     3
